 Dungeon Crawl Stone Soup version 0.22-a0-469-gf26638a (webtiles) character file.

182 CougarLife the Chopper (level 5, -1/45 HPs)
             Began as a Minotaur Fighter on June 12, 2018.
             Slain by a slave (7 damage)
             ... led by Pikel
             ... on level 4 of the Dungeon.
             The game lasted 00:02:56 (2572 turns).

CougarLife the Chopper (Minotaur Fighter)           Turns: 2572, Time: 00:02:57

Health: -1/45      AC:  0    Str: 21    XL:     5   Next: 34%
Magic:  4/4        EV: 17    Int:  6    God:
Gold:   200        SH:  0    Dex: 14    Spells: 4/4 levels left

rFire    . . .     SeeInvis .   (weapon currently unavailable)
rCold    . . .     Gourm    .   (shield currently unavailable)
rNeg     . . .     Faith    .   (armour currently unavailable)
rPois    .         Spirit   .   (helmet currently unavailable)
rElec    .         Reflect  .   (cloak currently unavailable)
rCorr    .         Harm     .   (gloves currently unavailable)
MR       .....                  (boots currently unavailable)
Stlth    +.........             (no amulet)
HPRegen  0.15/turn              (ring currently unavailable)
MPRegen  0.09/turn              (ring currently unavailable)

@: bat-form, flying, very quick
A: tiny, (retaliatory headbutt)
a: no special abilities


You were on level 4 of the Dungeon.
You were not hungry.
You were in bat-form.
You visited 1 branch of the dungeon, and saw 4 of its levels.

You collected 200 gold pieces.

Inventory:

Hand Weapons
 a - a +0 war axe (melded)
Armour
 b - a +0 scale mail (melded)
 c - a +0 shield (melded)
 d - a +1 pair of gloves (melded)
 k - a +0 cloak (melded)
Scrolls
 e - a scroll of remove curse {unknown}
 j - a scroll of enchant armour {unknown}
 l - 2 scrolls of identify
 m - a scroll of immolation {unknown}
 n - a scroll of magic mapping {unknown}
 q - a scroll of fear {unknown}
 r - a scroll of noise {unknown}
 t - a scroll of amnesia {unknown}
Potions
 h - a potion of agility {unknown}
 i - 5 potions of curing {unknown}
 o - a potion of heal wounds {unknown}
 p - 2 potions of brilliance {unknown}
 u - 2 potions of lignification {unknown}
Comestibles
 f - 7 rations


   Skills:
 - Level 3.6 Fighting
 + Level 6.8 Axes
 - Level 3.6 Armour
 - Level 3.6 Shields


You had 4 spell levels left.
You didn't know any spells.
Your spell library was empty.

Dungeon Overview and Level Annotations

Branches:
Dungeon (4/15)
 Temple: D:4-7

Altars:
Ashenzari

Annotations:
D:4 Pikel


Innate Abilities, Weirdness & Mutations

((You reflexively headbutt those who attack you in melee.))
((You have a pair of horns on your head.))


Message History

Your +1 pair of gloves melds into your body.
Your +0 shield melds into your body.
Your +0 scale mail melds into your body.
It is a wand of polymorph (13).
You hit Pikel but do no damage.
Pikel is almost dead.
The slave barely misses you. x2
Pikel hits you with a whip of electrocution!
The slave closely misses you.
You hit Pikel but do no damage.
Pikel is almost dead.
The slave misses you. The slave barely misses you. The slave hits you!
Pikel says, "It's all about the gold, really."
Pikel misses you.
You hit Pikel but do no damage.
Pikel is almost dead.
The slave completely misses you. The slave hits you!
* * * LOW HITPOINT WARNING * * *
Pikel zaps a wand.
You resist with some effort. The slave hits you!
You die...

+...>..#
#......#
#......#
#......#
...... ...#
####'##
#...Kp#
#..pbp#
#+###...##
##..##...#
#........#
#........#
#........#
#........#
##..###+##
##########..##


You could see Pikel and 3 slaves.

Vanquished Creatures
  A slave (D:4)
  The ghost of RickyRiver1434 the Covered, an amateur DsGl (D:3)
  An orc priest (D:3)
  2 adders
  A leopard gecko (D:3)
  6 orcs (D:3)
  A ball python (D:2)
  3 giant cockroaches
  9 goblins
  4 hobgoblins
  3 jackals (D:1)
  4 kobolds
  A quokka (D:2)
  3 bats
  7 frilled lizards
  3 rats
50 creatures vanquished.

Notes
Turn   | Place    | Note
-------+----------+-------------------------------------------
     0 | D:1      | CougarLife the Minotaur Fighter began the quest for the Orb.
     0 | D:1      | Reached XP level 1. HP: 19/19 MP: 0/0
    69 | D:1      | Reached skill level 3 in Axes
   121 | D:1      | Reached XP level 2. HP: 24/26 MP: 1/1
   229 | D:1      | Found a shattered altar of Ashenzari.
   461 | D:1      | Reached skill level 4 in Axes
  1167 | D:2      | Reached XP level 3. HP: 31/31 MP: 2/2
  1509 | D:3      | Noticed RickyRiver1434's ghost (amateur DsGl)
  1514 | D:3      | Reached skill level 5 in Axes
  1514 | D:3      | Reached XP level 4. HP: 22/39 MP: 3/3
  1690 | D:3      | Killed RickyRiver1434's ghost
  1690 | D:3      | Reached skill level 6 in Axes
  1690 | D:3      | Reached XP level 5. HP: 32/45 MP: 4/4
  2558 | D:4      | Noticed a slave
  2558 | D:4      | Noticed a slave
  2558 | D:4      | Noticed a slave
  2558 | D:4      | Noticed a slave
  2558 | D:4      | Noticed Pikel
  2565 | D:4      | Killed a slave
  2572 | D:4      | Slain by a slave

Vault maps used:
D:1:      ncdulo_lavacross, st_stairs_11, nicolae_ashenzari_panopticon
D:3:      first_ration
D:4:      uniq_pikel, uniq_grinder

Skill      XL: |  1  2  3  4 |
---------------+-------------+-----
Axes           | 3 4 5 6 |  6.8
Fighting       | |  3.6
Armour         | |  3.6
Shields        | |  3.6

Action                   |  1- 3 |  4- 6 || total
-------------------------+-------+-------++-------
Melee: War axe           |    63 |    51 ||   114
       Headbutt          |     7 |    12 ||    19
       Unarmed           |       |     3 ||     3
  Use: Potion            |       |     1 ||     1
       Scroll            |       |     2 ||     2
  Eat: Chunk             |     2 |     3 ||     5
Armor: Scale mail        |    40 |    22 ||    62
Dodge: Dodged            |    14 |    28 ||    42
Block: Shield            |    30 |    32 ||    62

Table legend:
 A = Spawn XP
 B = Non-spawn XP
 C = Spawn XP percentage of total XP
 D = Spawn monster count
 E = Non-spawn monster count
 F = Spawn count percentage of total count
 G = Total turns spent on level
                    A         B        C        D         E        F      G
               +---------+---------+-------+---------+---------+-------+---------
         Total |       0 |     260 |   0.0 |       0 |      49 |   0.0 |  2572
               +---------+---------+-------+---------+---------+-------+---------
           D:1 |       0 |      32 |   0.0 |       0 |      20 |   0.0 |   688
           D:2 |       0 |      32 |   0.0 |       0 |      13 |   0.0 |   988
           D:3 |       0 |     196 |   0.0 |       0 |      16 |   0.0 |   833
               +---------+---------+-------+---------+---------+-------+---------
